 Dungeon Crawl Stone Soup version 0.31-a0-574-g69dc8cc98e (webtiles) character file.

Game seed: 18268496144837655291

1809447 Voda the Wrestler (level 26, 274/274 HPs)
             Began as a Troll Monk on Aug 18, 2023.
             Was the Champion of Dithmenos.
             Escaped with the Orb
             ... and 3 runes!
             The game lasted 03:45:53 (60423 turns).

Voda the Wrestler (Troll Monk)                     Turns: 60423, Time: 03:45:53

Health: 274/274    AC: 15    Str: 30      XL:     26   Next: 96%
Magic:  27/27      EV: 49    Int:  4 (6)  God:    Dithmenos [******]
Gold:   2372       SH:  0    Dex: 16      Spells: 15/25 levels left

rFire   + .          .
                       - Unarmed
rCold   . . .        u - melded +8 tower shield {AC+3}
rNeg    . . .        K - melded +1 robe of Vines {NoPotionHeal Regen++++}
rPois   ∞            w - melded +1 hat
rElec   +            q - melded scarf of the Wicked Wumpus {shadows, Fly Will+ Int+4 Stlth-}
rCorr   .            (gloves unavailable)
SInv    +            (boots unavailable)
Will    +....        J - amulet "Xehatud" {RegenMP rElec rF+}
Stlth   +            i - ring of the Hare {EV+10}
HPRegen 1.45/turn    Z - ring of see invisible
MPRegen 0.60/turn

%: no passive effects
@: storm-form, flying, wreathed by umbra, studying 2 skills
A: cleaving, insubstantial, flying, large, unfitting armour, (claws 3),
regeneration 1, (shaggy fur 1), (tough skin 1), deterioration 1, low MP 1
0: Orb of Zot
}: 3/15 runes: serpentine, barnacled, silver
a: Blinkbolt, Begin Untransformation, Renounce Religion, Shadow Step, Shadow
Form


You escaped.
You worshipped Dithmenos.
Dithmenos was exalted by your worship.
You were a lightning-filled tempest!
You visited 11 branches of the dungeon, and saw 51 of its levels.
You also visited: Bailey and Ice Cave.

You collected 7754 gold pieces.
You spent 5382 gold pieces at shops.

Inventory:

Armour
 q - the scarf of the Wicked Wumpus (melded) {shadows, Fly Will+ Int+4 Stlth-}
   (You acquired it on level 1 of the Depths)

   Int+4:     It affects your intelligence (+4).
   Will+:     It increases your willpower.
   Fly:       It grants you flight.
   Stlth-:    It makes you less stealthy.
 u - a +8 tower shield of protection (melded)
 w - a +1 hat (melded)
 K - the +1 robe of Vines (melded) {NoPotionHeal Regen++++}
   (You acquired it on level 4 of the Vaults)

   NoPotionHeal: Its wearer cannot be healed by potions.
   Regen++++: It increases your rate of health regeneration.
Jewellery
 c - a ring of protection from cold
 i - the ring of the Hare (left fist) {EV+10}
   (You found it on level 4 of the Realm of Zot)

   [ring of evasion]

   EV+10:     It affects your evasion (+10).
 x - a +6 ring of dexterity
 y - the amulet "Tamis" {Harm rF+ Regen+ SInv Stlth+}
   (You found it on level 3 of the Crypt)

   [amulet of regeneration]

   rF+:       It protects you from fire.
   SInv:      It lets you see invisible.
   Regen+:    It increases your rate of health regeneration.
   Harm:      It increases damage dealt and taken.
   Stlth+:    It makes you more stealthy.
 C - a ring of fire
 F - a ring of positive energy
 J - the amulet "Xehatud" (around neck) {RegenMP rElec rF+}
   (You bought it in a shop on level 1 of the Snake Pit)

   [amulet of magic regeneration]

   RegenMP:   It increases your rate of magic regeneration.
   rF+:       It protects you from fire.
   rElec:     It insulates you from electricity.
 M - a ring of ice
 T - a ring of resist corrosion
 U - the ring of Zegawepp {rF+ rC- rN+ Str+7 SInv}
   (You found it on level 3 of the Crypt)

   [ring of positive energy]

   Str+7:     It affects your strength (+7).
   rF+:       It protects you from fire.
   rC-:       It makes you vulnerable to cold.
   rN+:       It protects you from negative energy.
   SInv:      It lets you see invisible.
 W - a ring of willpower
 Y - a ring of flight
 Z - a ring of see invisible (right fist)
Talismans
 E - a storm talisman (active)
 P - a granite talisman
Wands
 k - a wand of digging (33)
 s - a wand of flame (30)
 A - a wand of roots (24)
 X - a wand of quicksilver (19)
Scrolls
 d - 7 scrolls of blinking
 e - 7 scrolls of poison
 f - 8 scrolls of immolation
 h - 3 scrolls of torment
 j - a scroll of enchant armour
 m - a scroll of noise
 p - 8 scrolls of fog
 r - 7 scrolls of amnesia
 v - 7 scrolls of fear
 D - 2 scrolls of butterflies
 G - a scroll of silence
 O - 17 scrolls of teleportation
 S - 7 scrolls of revelation
Potions
 a - 2 potions of berserk rage
 b - 9 potions of ambrosia
 g - 24 potions of curing
 l - 8 potions of magic
 n - 5 potions of brilliance
 o - 7 potions of enlightenment
 t - a potion of resistance
 z - 8 potions of attraction
 B - 4 potions of haste
 H - 2 potions of invisibility
 I - 10 potions of lignification
 L - 8 potions of might
 N - 8 potions of heal wounds
 Q - 4 potions of mutation
 R - a potion of cancellation


   Skills:
 + Level 17.8 Fighting
 + Level 17.9 Dodging
 - Level 18.4 Shields
 - Level 23.0 Unarmed Combat
 - Level 11.2 Translocations
 - Level 11.6 Invocations
 - Level 21.0 Shapeshifting


You had 15 spell levels left.
You knew the following spells:

 Your Spells              Type           Power      Damage    Failure   Level
a - Blink                 Tloc           18%        N/A       1%          2
b - Passage of Golubria   Tloc           9%         N/A       5%          4
c - Manifold Assault      Tloc           9%         N/A       5%          4

Your spell library contained the following spells:

 Spells                   Type           Power      Damage    Failure   Level
 Lesser Beckoning         Tloc           18%        N/A       1%          2
 Gell's Gravitas          Tloc           9%         N/A       1%          3
 Teleport Other           Tloc           9%         N/A       1%          3
 Momentum Strike          Conj/Tloc      8%         3d8       9%          2
 Portal Projectile        Hex/Tloc       8%         N/A       17%         3
 Vhi's Electric Charge    Tloc/Air       8%         N/A       17%         3
 Volatile Blastmotes      Fire/Tloc      8%         2d10      17%         3
 Foxfire                  Conj/Fire      0%         2x1d4     50%         1
 Magic Dart               Conj           0%         1d3       50%         1
 Necrotise                Necr           0%         1d4       50%         1
 Shock                    Conj/Air       0%         1d3       50%         1
 Iskenderun's Mystic Bla  Conj/Tloc      4%         2d3       50%         4
 Call Imp                 Summ           0%         N/A       65%         2
 Cigotuvi's Dreadful Rot  Necr/Pois/Air  0%         N/A       65%         2
 Searing Ray              Conj           0%         2d4       65%         2
 Static Discharge         Conj/Air       0%         2-2/arc   65%         2
 Dispersal                Tloc           4%         N/A       65%         6
 Summon Forest            Summ/Tloc      2%         N/A       85%         5
 Call Canine Familiar     Summ           0%         N/A       86%         3
 Dazzling Flash           Conj/Hex       0%         N/A       86%         3
 Hailstorm                Conj/Ice       0%         3d3       86%         3
 Ignite Poison            Fire/Tmut/Pois 0%         N/A       86%         3
 Inner Flame              Hex/Fire       0%         N/A       86%         3
 Mephitic Cloud           Conj/Pois/Air  0%         N/A       86%         3
 Ozocubu's Armour         Ice            0%         N/A       86%         3
 Stone Arrow              Conj/Erth      0%         3d7       86%         3
 Summon Guardian Golem    Hex/Summ       0%         N/A       86%         3
 Swiftness                Air            0%         N/A       86%         3
 Tukima's Dance           Hex            0%         N/A       86%         3
 Vampiric Draining        Necr           0%         2d6       86%         3
 Airstrike                Air            0%         2d(0-16)  99%         4
 Anguish                  Hex/Necr       0%         N/A       99%         4
 Animate Armour           Summ/Erth      0%         N/A       99%         4
 Animate Dead             Necr           0%         N/A       99%         4
 Cause Fear               Hex            0%         N/A       99%         4
 Dispel Undead            Necr           0%         3d6       99%         4
 Flame Wave               Conj/Fire      0%         2d4       99%         4
 Fulminant Prism          Conj/Hex       0%         3d5       99%         4
 Leda's Liquefaction      Hex/Erth       0%         N/A       99%         4
 Olgreb's Toxic Radiance  Pois           0%         N/A       99%         4
 Sticky Flame             Conj/Fire      0%         2d3       99%         4
 Summon Ice Beast         Ice/Summ       0%         N/A       99%         4
 Summon Lightning Spire   Summ/Air       0%         N/A       99%         4
 Agony                    Necr           0%         N/A       100%        5
 Alistair's Intoxication  Tmut/Pois      0%         N/A       100%        5
 Borgnjor's Vile Clutch   Necr/Erth      0%         N/A       100%        5
 Fireball                 Conj/Fire      0%         3d3       100%        5
 Freezing Cloud           Conj/Ice/Air   0%         6-21      100%        5
 Metabolic Englaciation   Hex/Ice        0%         N/A       100%        5
 Summon Mana Viper        Hex/Summ       0%         N/A       100%        5
 Yara's Violent Unravell  Hex/Tmut       0%         3d3       100%        5
 Death Channel            Necr           0%         N/A       100%        6
 Eringya's Noxious Bog    Tmut/Pois      0%         4d6       100%        6
 Plasma Beam              Fire/Air       0%         2x1d10    100%        6
 Simulacrum               Ice/Necr       0%         N/A       100%        6
 Starburst                Conj/Fire      0%         6d3       100%        6
 Enfeeble                 Hex            0%         N/A       100%        7
 Haunt                    Necr/Summ      0%         N/A       100%        7
 Malign Gateway           Summ/Tloc      2%         N/A       100%        7
 Monstrous Menagerie      Summ           0%         N/A       100%        7
 Orb of Destruction       Conj           0%         9d5       100%        7
 Spellforged Servitor     Conj/Summ      0%         N/A       100%        7
 Summon Hydra             Summ           0%         N/A       100%        7
 Borgnjor's Revivificati  Necr           0%         N/A       100%        8
 Infestation              Necr           0%         N/A       100%        8
 Lehudib's Crystal Spear  Conj/Erth      0%         10d2      100%        8
 Maxwell's Capacitive Co  Air            0%         ∞         100%        8
 Summon Horrible Things   Summ           0%         N/A       100%        8
 Death's Door             Necr           0%         N/A       100%        9
 Fire Storm               Conj/Fire      0%         5d1       100%        9


Dungeon Overview and Level Annotations

Branches:
Dungeon (15/15)            Temple (1/1) D:5            Lair (5/5) D:10
 Shoals (4/4) Lair:3        Snake (4/4) Lair:3        Slime (0/5) Lair:4
    Orc (2/2) D:11            Elf (3/3) Orc:2        Vaults (5/5) D:14
  Crypt (3/3) Vaults:2       Tomb (0/3) Crypt:3      Depths (4/4) D:15
    Zot (5/5) Depths:4     Bailey (visited)           IceCv (visited)

Altars:
Ashenzari
Cheibriados
Dithmenos
Elyvilon
Gozag
Kikubaaqudgha
Makhleb
Nemelex Xobeh
Okawaru
Qazlal
Ru
Sif Muna
Trog
Uskayaw
Vehumet
Wu Jian
Xom
Yredelemnul
Zin
The Shining One
Jiyva

Shops:
D:3 =   D:11 (   D:12 *   Orc:2 =:([   Elf:2 :   Snake:1 :=*=:==   Snake:2 *
Snake:3 (=:!*   Depths:2 [

Portals:
Hell: Depths:1 Depths:2 Depths:3 Depths:4
Abyss: Depths:1 Depths:2 Depths:3
Pandemonium: Depths:2 Depths:3
Ziggurat: Depths:4

Annotations:
D:2 1 runed translucent door, Crazy Yiuf
D:8 Gastronok
Snake:3 1 runed translucent door, Wammyab's ghost, adept DsNe
Elf:1 Roxanne
Vaults:3 8 runed translucent doors, Plog's ghost, adept AtMo
Zot:2 2 transporters


Innate Abilities, Weirdness & Mutations

You are a lightning-filled tempest!
Your electrical attacks strike out in all directions at once.
You are incredibly evasive.
Your insubstantial body is immune to petrification, constriction, and being set on fire You are flying.
Your armour is entirely melded.
You are incapable of wielding weapons or throwing items.
You are too large for most types of armour.
You are immune to poison.
((You have claws for hands.))
Your natural rate of healing is unusually fast.
((You are covered in fur. (AC +1)))
((You have tough skin. (AC +1)))
Your body sometimes deteriorates upon taking damage.
Your magical capacity is low. (-10% MP)


Message History

You fly upwards.
There is a stone staircase leading down here.
There is a stone staircase leading up here.
You fly upwards.
There is a stone staircase leading down here.
A toenail golem comes into view.
There is a stone staircase leading up here.
The toenail golem completely misses you.
You blast the toenail golem!!!!
You destroy the toenail golem!
Dithmenos accepts your kill.
There is a stone staircase leading up here.
You fly upwards.
There is a stone staircase leading down here.
What level of the Dungeon? (default 1, ? - help)
A neqoxec comes into view.
The neqoxec completely misses you.
You buffet the neqoxec!
You punch the neqoxec!
The neqoxec is almost dead.
Unknown command.
You blast the neqoxec!!!
You kill the neqoxec!
Dithmenos accepts your kill.
What level of the Dungeon? (default 1, ? - help)
A sun demon comes into view.
There is a stone staircase leading up here.
You fly upwards.
Level annotation: 1 runed translucent door, Crazy Yiuf
There is a stone staircase leading down here.
What level of the Dungeon? (default 1, ? - help)
A glowing orange brain comes into view.
There is a stone staircase leading up here.
You fly upwards.
There is a stone staircase leading down here.
Okay, then.
There is a stone staircase leading down here.
You see here a +0 robe.
You see here a +0 dagger.
There is a staircase leading out of the dungeon here.
You have escaped!

#....## #.#...(.......#.#.#.#####
#..(..# ##.....#.#.....##........
#.....# #......#.#......#.#...##.
#####.###......#.#......#.###..##
#...#....#.#.#.#....#.# ##.##
##..#...##.#.#.##...#.####..#
#..#.....⌠#.#⌠..)..#...).[..
#..#..#####.#####..#.#####..
#..........v.........# ##.
#..#..#####.#####..#.# #.
#..#.....⌠#.#⌠.....#.# ##
##†#...##.#.#.##...#.# #
#.#....#.#.#.#....#.# #
#.#......#.#......#.## #
#.#......#.#......#..## #
#.##.....#.#.[...###..# #
#.#.#..)........#.###.# #


There were no monsters in sight!

Vanquished Creatures
  3 orbs of fire (Zot:5)
  3 dread liches (Zot:5)
  3 ancient liches
  Josephina (Crypt:1)
  Sojobo (Depths:1)
  4 Killer Klowns (Zot:5)
  Vashnia (Snake:3)
  A curse toe (Zot:5)
  Margery (Vaults:3)
  8 golden dragons
  Saint Roka (D:15)
  A caustic shrike (shapeshifter) (Vaults:5)
  6 caustic shrikes (Depths:4)
  2 bone dragons (Depths:4)
  Jory (Depths:4)
  6 electric golems
  A Tzitzimitl (Zot:4)
  18 tentacled monstrosities
  An Ice Fiend (IceCv)
  A deep elf blademaster (Elf:2)
  4 titans
  28 Orb Guardians
  A deep elf master archer (Elf:3)
  The ghost of Wiath the Deadly Accurate, an adept DrBr of Ashenzari (Vaults:2)
  8 quicksilver dragons
  7 sphinxes
  A kraken (Shoals:4)
  4 Executioners
  3 ancient champions
  7 death cobs
  9 shadow dragons
  Agnes (Snake:1)
  14 storm dragons
  Aizul (Elf:2)
  11 tengu reavers
  A revenant (Crypt:2)
  7 draconian monks
  5 frost giants
  3 nagarajas
  Donald (Vaults:4)
  12 draconian knights
  2 draconian scorchers
  19 vault wardens
  8 fire giants
  4 ghost moths
  2 iron dragons
  5 deep elf sorcerers
  7 deep elf elementalists (Elf:3)
  3 draconian shifters
  4 juggernaut zombies
  5 caustic shrike zombies (Depths:4)
  Louise (Shoals:4)
  5 ghouls (Crypt:2)
  An angel (Shoals:4)
  3 spriggan defenders (Depths:3)
  6 draconian stormcallers
  3 curse skulls
  2 orc warlords
  21 ironbound preservers
  7 draconian annihilators
  A reaper (Crypt:3)
  4 war gargoyles
  22 vampire knights
  17 very ugly things
  4 formless jellyfish
  7 ironbound thunderhulks
  The ghost of Maratek the Cruncher, a journeyman DrFi of Hepliaklqana (Snake:1)
  13 green draconians
  16 stone giants
  An apis (Shoals:3)
  12 black draconians
  8 deep elf annihilators
  12 red draconians
  5 deep elf demonologists
  A spark wasp (Depths:3)
  10 dire elephants
  11 purple draconians
  6 white draconians
  18 yellow draconians
  A crystal guardian (Vaults:4)
  3 eidola
  10 merfolk javelineers
  3 green deaths
  17 jiangshi
  10 deep elf death magi
  A quicksilver dragon zombie (Depths:4)
  9 fire dragons
  13 ettins
  11 merfolk impalers
  An elf zombie (Crypt:3)
  3 entropy weavers
  2 great orbs of eyes
  6 deep elf high priests
  2 fenstrider witch zombies (Crypt:1)
  22 yaktaur captains
  2 rakshasas
  4 spriggan zombies
  2 hell beasts (Depths:4)
  3 catoblepae
  2 salamander tyrants (Snake:4)
  3 peacekeepers
  41 vault guards
  12 anacondas
  3 death knights
  12 ice dragons
  2 spriggan air magi (Depths:1)
  An alligator snapping turtle (Shoals:3)
  5 ogre magi
  A caustic shrike simulacrum (IceCv)
  3 hydras
  A hydra (shapeshifter) (Vaults:5)
  4 merfolk aquamancers
  A merfolk avatar (Shoals:3)
  3 satyrs
  19 centaur warriors
  10 ironbound frosthearts
  A spriggan skeleton (Crypt:1)
  16 two-headed ogres
  5 sphinx zombies
  12 naga warriors
  A bennu skeleton (Crypt:1)
  A death yak (Shoals:4)
  26 dancing weapons
  7 tengu warriors
  4 boulder beetles
  8 vampire magi
  2 spriggan berserkers
  A titan zombie (Depths:4)
  3 deep troll shamans
  2 orc high priests (Orc:2)
  3 deep troll earth magi
  10 shock serpents
  A sun demon (Depths:3)
  A shock serpent (shapeshifter) (Depths:3)
  A holy swine (Shoals:4)
  14 naga sharpshooters
  A storm dragon zombie (Crypt:3)
  14 hell knights
  A titan skeleton (Depths:2)
  11 deep elf knights
  A sixfirhy (Zot:4)
  A fire crab (shapeshifter) (Vaults:5)
  7 salamander mystics
  5 iron trolls
  The ghost of flestrin the Trooper, a novice DsSh (D:9)
  3 skysharks
  8 golden dragon zombies
  31 skeletal warriors
  2 storm dragon skeletons
  An anaconda zombie (Crypt:3)
  5 cherubim (Shoals:4)
  A bog body (IceCv)
  2 glowing orange brains (Depths:3)
  52 deep trolls
  6 flayed ghosts
  9 naga ritualists
  12 lindwurms
  14 sea snakes
  22 phantasmal warriors
  2 shadow dragon zombies (Depths:4)
  15 wizards
  2 tengu zombies (Depths:4)
  13 spriggan simulacra
  5 orc knights
  23 ironbound convokers
  10 necromancers
  34 deep elf zephyrmancers
  A bunyip skeleton (Crypt:2)
  2 obsidian statues
  23 harpies
  15 mana vipers
  6 deep elf archers
  25 ugly things
  8 orc sorcerers
  4 fauns
  A faun (shapeshifter) (Elf:3)
  13 manticores
  34 deep elf pyromancers
  15 cyclopes
  31 moths of wrath
  7 large abominations
  14 elephants
  2 wolf spiders
  An iron dragon skeleton (Crypt:3)
  A moth of wrath (shapeshifter) (Vaults:4)
  12 salamanders
  2 centaur zombies
  A frost giant zombie (Depths:2)
  A frost giant skeleton (Depths:2)
  32 black mambas
  A toenail golem (D:4)
  3 merfolk sirens
  5 guardian serpents
  Joseph (D:6)
  5 water nymphs
  A dire elephant zombie (Crypt:3)
  14 vault sentinels
  An orange demon (Zot:4)
  A titan simulacrum (Crypt:1)
  15 naga magi
  5 cane toads
  4 gargoyles
  An alligator snapping turtle zombie (Crypt:3)
  A torpor snail (Lair:4)
  7 komodo dragons
  34 yaktaurs
  4 unseen horrors
  An unseen horror (shapeshifter) (D:15)
  2 rime drakes
  A spark wasp simulacrum (Depths:2)
  2 anaconda simulacra
  A kobold demonologist (D:10)
  2 efreet (D:13)
  5 freezing wraiths
  4 tengu conjurers
  A grey draconian zombie (Crypt:3)
  6 trolls
  4 guardian mummies (Crypt:3)
  5 ice devils (IceCv)
  2 harpy zombies
  6 wind drakes
  47 merfolk
  3 meliai (D:15)
  A queen bee (D:9)
  4 hornets
  2 polar bears
  A harpy skeleton (Crypt:1)
  3 alligator simulacra (IceCv)
  A tengu simulacrum (Depths:2)
  16 blink frogs
  11 snapping turtles
  Grinder (D:3)
  An ettin zombie (Crypt:1)
  11 dream sheep
  A fire dragon skeleton (Crypt:3)
  A slime creature (shapeshifter) (Elf:2)
  A centaur simulacrum (Crypt:1)
  40 slime creatures
  10 flying skulls
  2 shadows
  10 water elementals
  The ghost of MrCrawl the Firebug, an amateur TeFE (D:4)
  4 air elementals
  3 vampires
  37 yaks
  7 wyverns
  A dire elephant simulacrum (IceCv)
  A slime creature zombie (Crypt:1)
  16 wraiths
  4 basilisks
  A human (shapeshifter) (D:7)
  2 steam dragons
  6 minotaur simulacra (IceCv)
  6 redbacks
  6 vampire mosquitoes
  A neqoxec (D:3)
  3 harpy simulacra
  5 wargs
  A naga zombie (Crypt:3)
  A merfolk zombie (Crypt:2)
  2 glowing shapeshifter zombies (Depths:4)
  4 acid dragons
  42 nagas
  A faun skeleton (Crypt:3)
  A merfolk skeleton (Crypt:2)
  3 floating eyes
  12 water moccasins
  Duvessa (D:4)
  A two-headed ogre skeleton (Crypt:2)
  2 ettin simulacra (Depths:2)
  A naga skeleton (Crypt:1)
  46 orc warriors
  2 ice beasts (D:6)
  A sky beast (D:7)
  10 ogres
  3 black bears
  A black bear (shapeshifter) (D:14)
  13 centaurs
  11 boggarts
  4 wolves (Lair:3)
  A rime drake zombie (Crypt:1)
  8 small abominations (Depths:2)
  4 kobold brigands
  A salamander zombie (Crypt:2)
  A scorpion (D:6)
  2 necrophages (Crypt:2)
  4 earth elementals
  15 bullfrogs
  9 deep troll simulacra (IceCv)
  A wyvern skeleton (Crypt:2)
  7 wights
  Dowan (D:4)
  14 killer bees
  A water moccasin skeleton (Crypt:3)
  3 howler monkeys
  An electric eel (Lair:1)
  3 hounds
  5 jellies
  19 orc priests
  A gnoll bouda (D:7)
  2 iguanas
  3 sleepcaps
  Natasha (thrice) (D:2)
  27 orc wizards
  A black bear skeleton (Crypt:2)
  A killer bee zombie (Crypt:3)
  11 gnolls
  6 adders
  3 shadow imps
  3 white imps
  An ufetubus (D:5)
  An adder zombie (Crypt:3)
  An iguana skeleton (Crypt:2)
  A worm zombie (Crypt:3)
  An adder skeleton (Crypt:1)
  A worm (D:2)
  A dart slug (D:2)
  146 orcs
  3 ball pythons
  4 endoplasms
  4 giant cockroaches
  11 goblins
  3 hobgoblins
  3 jackals (D:1)
  2 quokkas
  A ball python zombie (Crypt:2)
  7 bats
  4 frilled lizards
  A jackal skeleton (Crypt:2)
  32 kobolds
  2 rats
  A butterfly (Lair:1)
2373 creatures vanquished.

Vanquished Creatures (others)
  A curse toe (Zot:1)
  A fire giant (Vaults:5)
  A draconian knight (Zot:4)
  A balrug (D:8)
  An ice dragon (shapeshifter) (Vaults:5)
  A deep elf knight (Elf:3)
  A deep elf pyromancer (Elf:1)
  A deep elf zephyrmancer (Elf:2)
  A hornet (Vaults:5)
  An alligator snapping turtle simulacrum (Crypt:1)
  An orc warrior (Depths:1)
  A boggart (D:14)
  An orc wizard (Depths:1)
  4 orcs
  4 tentacles (Shoals:4)
21 creatures vanquished.

Grand Total: 2394 creatures vanquished

Notes
Turn   | Place    | Note
-------+----------+-------------------------------------------
     0 | D:1      | Voda the Troll Monk began the quest for the Orb.
     0 | D:1      | Reached XP level 1. HP: 22/22 MP: 0/0
    79 | D:1      | Reached XP level 2. HP: 25/29 MP: 1/1
   329 | D:2      | Found a faded altar of an unknown god.
   450 | D:3      | Found Zurat's Jewellery Shoppe.
   460 | D:3      | Reached XP level 3. HP: 32/36 MP: 2/2
   559 | D:3      | Found a broken altar of Ashenzari.
   562 | D:3      | Noticed Grinder
   573 | D:2      | Noticed Natasha
   577 | D:2      | Killed Natasha
   768 | D:2      | Noticed Natasha
   776 | D:2      | Killed Natasha
   777 | D:2      | Reached XP level 4. HP: 40/45 MP: 3/3
   805 | D:2      | Noticed Natasha
   813 | D:2      | Killed Natasha
   905 | D:3      | Killed Grinder
   906 | D:3      | Reached skill level 4 in Unarmed Combat
   906 | D:3      | Reached XP level 5. HP: 47/54 MP: 4/4
   906 | D:3      | Reached XP level 6. HP: 54/62 MP: 5/5
  1036 | D:4      | Reached skill level 5 in Unarmed Combat
  1194 | D:4      | Found a runed translucent gate.
  1194 | D:4      | Noticed MrCrawl's ghost (amateur TeFE)
  1195 | D:4      | Found a runed translucent gate.
  1195 | D:4      | Found a runed translucent gate.
  1376 | D:5      | Entered Level 5 of the Dungeon
  1538 | D:5      | Reached XP level 7. HP: 71/71 MP: 6/6
  1614 | D:5      | Found a staircase to the Ecumenical Temple.
  1623 | Temple   | Entered the Ecumenical Temple
  1689 | Temple   | Became a worshipper of Dithmenos the Shadowed
  1689 | Temple   | Reached * piety under Dithmenos
  1689 | Temple   | Reached ** piety under Dithmenos
  1850 | D:5      | Reached skill level 1 in Shapeshifting
  1895 | D:5      | Found a white marble altar of Elyvilon.
  1959 | D:5      | You fall into a shaft and drop 1 floor!
  1980 | D:6      | Reached skill level 6 in Unarmed Combat
  1991 | D:6      | Found a sacrificial altar of Ru.
  2089 | D:5      | Reached skill level 5 in Fighting
  2229 | D:4      | Noticed Dowan
  2237 | D:4      | Killed Dowan
  2704 | D:2      | Found a runed translucent door.
  2705 | D:2      | Noticed Crazy Yiuf
  3348 | D:4      | Noticed Duvessa
  3359 | D:4      | Killed Duvessa
  3360 | D:4      | Reached XP level 8. HP: 36/80 MP: 6/7
  3526 | D:4      | Found an ornate altar of the Wu Jian Council.
  4478 | D:6      | Reached skill level 7 in Unarmed Combat
  4578 | D:6      | Reached *** piety under Dithmenos
  4954 | D:7      | Noticed Joseph
  4978 | D:7      | Reached skill level 5 in Shapeshifting
  5204 | D:7      | Reached XP level 9. HP: 62/88 MP: 8/8
  5244 | D:7      | Found a hide-covered altar of Uskayaw.
  5273 | D:6      | Reached skill level 1 in Shields
  5281 | D:6      | Reached skill level 8 in Unarmed Combat
  5431 | D:7      | Reached **** piety under Dithmenos
  5449 | D:7      | Got the Parchment of Momentum and Company
  5467 | D:7      | Found a flagged portal.
  5488 | Bailey   | Entered a bailey
  5493 | Bailey   | Noticed an orc warlord
  5620 | Bailey   | Found a runed translucent gate.
  5622 | Bailey   | Found a runed translucent gate.
  5626 | Bailey   | Found a runed translucent gate.
  6064 | D:6      | Reached XP level 10. HP: 84/96 MP: 9/9
  6172 | D:6      | Killed Joseph
  6217 | D:7      | Reached skill level 9 in Unarmed Combat
  6514 | D:7      | Noticed a boulder beetle
  6721 | D:8      | Noticed Gastronok
  6765 | D:8      | Found a basalt altar of Yredelemnul.
  6767 | D:8      | Found a sparkling altar of Nemelex Xobeh.
  6767 | D:8      | Found a glowing silver altar of Zin.
  7011 | D:9      | Reached ***** piety under Dithmenos
  7130 | D:9      | Reached skill level 5 in Shields
  7372 | D:8      | Reached XP level 11. HP: 102/102 MP: 10/10
  7508 | D:7      | Killed a boulder beetle
  7565 | D:7      | Got Lumyrir's Grimoire of Cursed Shadows
  7565 | D:7      | Noticed a rakshasa
  7824 | D:8      | Reached skill level 10 in Unarmed Combat
  8129 | D:9      | Found a transporter.
  8134 | D:9      | Reached XP level 12. HP: 111/111 MP: 11/11
  8134 | D:9      | Found a transporter.
  8135 | D:9      | Noticed flestrin's ghost (novice DsSh)
  8326 | D:9      | Noticed a two-headed ogre
  8419 | D:10     | Entered Level 10 of the Dungeon
  8494 | D:10     | Noticed a two-headed ogre
  8533 | D:10     | Found a staircase to the Lair.
  8540 | Lair:1   | Entered Level 1 of the Lair of Beasts
  9669 | Lair:2   | Learned a level 2 spell: Blink
 10332 | D:9      | Killed a two-headed ogre
 10452 | D:11     | Found a staircase to the Orcish Mines.
 10695 | D:3      | Bought a granite talisman for 880 gold pieces
 10768 | D:7      | Killed a rakshasa
 11426 | Lair:2   | Reached XP level 13. HP: 120/120 MP: 12/12
 12325 | Lair:3   | Found a staircase to the Shoals.
 12361 | Lair:3   | Reached skill level 15 in Shapeshifting
 12367 | Lair:3   | Reached ****** piety under Dithmenos
 12472 | Lair:3   | Found a staircase to the Snake Pit.
 12485 | Snake:1  | Entered Level 1 of the Snake Pit
 12586 | Snake:1  | Found Qeutausk's Book Boutique.
 12843 | D:4      | Killed MrCrawl's ghost
 13321 | D:9      | Killed flestrin's ghost
 13865 | Lair:4   | Found a staircase to the Slime Pits.
 13865 | Lair:4   | Found a viscous altar of Jiyva.
 13958 | Lair:4   | Reached skill level 11 in Unarmed Combat
 13966 | Lair:4   | Reached skill level 1 in Translocations
 14662 | Lair:5   | Entered Level 5 of the Lair of Beasts
 15080 | Lair:5   | Noticed a dire elephant
 15080 | Lair:5   | Noticed a dire elephant
 15081 | Lair:5   | Noticed a dire elephant
 15098 | Lair:4   | Killed a dire elephant
 15354 | Snake:1  | Reached XP level 14. HP: 133/133 MP: 11/13
 15538 | Snake:1  | Found Mesuntud's Jewellery Shop.
 15550 | Snake:1  | Found Votaegra's Assorted Antiques.
 15843 | D:3      | Bought a ring of willpower for 275 gold pieces
 16138 | Snake:1  | Found Udafeotzi's Jewellery Shoppe.
 16171 | Snake:1  | Found a runed translucent door.
 16177 | Snake:1  | Noticed Maratek's ghost (journeyman DrFi)
 16335 | Snake:1  | Noticed Agnes
 16588 | D:11     | Found Jamucij's Weapon Shoppe.
 17306 | D:12     | Found Cujyr's Assorted Antiques.
 17439 | D:12     | Bought a scroll of identify for 60 gold pieces
 17439 | D:12     | Bought a scroll labelled VATYAHEENAY for 30 gold pieces
 17439 | D:12     | Bought a scroll of teleportation for 90 gold pieces
 17841 | Orc:1    | Entered Level 1 of the Orcish Mines
 17851 | Orc:1    | Reached skill level 5 in Translocations
 17883 | Orc:1    | Paralysed by a floating eye for 2 turns
 17886 | Orc:1    | Paralysed by a floating eye for 4 turns
 17893 | Orc:1    | Paralysed by a floating eye for 3 turns
 17920 | Orc:1    | Reached skill level 12 in Unarmed Combat
 18074 | Orc:2    | Entered Level 2 of the Orcish Mines
 18318 | Orc:2    | Found a staircase to the Elven Halls.
 18589 | Orc:2    | Found Roomiwat's Book Shop.
 18684 | Orc:2    | Noticed an orc warlord
 18694 | Orc:1    | Noticed an orc warlord
 18728 | Orc:2    | Killed an orc warlord
 18800 | Orc:2    | Found Maeplec's Antique Armour Emporium.
 18801 | Orc:2    | Found Cumi's Antique Weapon Shoppe.
 19095 | Orc:2    | Reached skill level 5 in Dodging
 19136 | Orc:1    | Reached XP level 15. HP: 144/144 MP: 9/14
 19363 | Orc:2    | Found Qabir's Jewellery Boutique.
 19369 | Orc:2    | Bought a ring of fire for 275 gold pieces
 19842 | D:13     | Paralysed by something for 4 turns
 19854 | D:13     | Reached skill level 1 in Invocations
 20361 | D:14     | Upgraded the game from 0.31-a0-564-g3b7de120b3 to
                  | 0.31-a0-574-g69dc8cc98e
 20843 | D:14     | Found a gate to the Vaults.
 21094 | D:15     | Entered Level 15 of the Dungeon
 21103 | D:15     | Reached skill level 5 in Invocations
 21315 | D:15     | Found a staircase to the Depths.
 21873 | Depths:1 | Entered Level 1 of the Depths
 21873 | Depths:1 | Noticed a fire giant
 22156 | Snake:1  | Killed Agnes
 22558 | Snake:1  | Found Ruleiviu's Jewellery Emporium.
 22558 | Snake:1  | Found Maz Egu's Book Shop.
 22559 | Snake:1  | Found Wugegism's Jewellery Emporium.
 22713 | Snake:1  | Killed Maratek's ghost
 23157 | Snake:2  | Reached XP level 16. HP: 153/153 MP: 22/22
 23220 | Snake:2  | Found Comelilil's Assorted Antiques.
 23227 | Snake:2  | Bought a scroll of identify for 70 gold pieces
 23227 | Snake:2  | Bought a scroll of teleportation for 105 gold pieces
 23378 | Snake:2  | Reached skill level 10 in Invocations
 23802 | Snake:2  | Found a runed translucent door.
 24024 | Snake:3  | Found Loucafuiwn's Neck Hole.
 24045 | Snake:3  | Noticed Vashnia
 24294 | Snake:3  | Killed Vashnia
 24365 | Snake:3  | Found a frozen archway.
 24373 | IceCv    | Entered an ice cave
 24757 | IceCv    | Noticed an Ice Fiend
 24778 | IceCv    | Killed an Ice Fiend
 24792 | IceCv    | Reached skill level 13 in Unarmed Combat
 25231 | Snake:3  | Noticed Wammyab's ghost (adept DsNe)
 25268 | Snake:3  | Found Binyny's Book Shoppe.
 25300 | Snake:3  | Found Funalukk's Antique Weapon Emporium.
 25300 | Snake:3  | Found Siehofo's Distillery.
 25323 | Snake:3  | Found Acesched's Jewellery Emporium.
 25499 | Snake:3  | Found a runed translucent door.
 25628 | Snake:4  | Entered Level 4 of the Snake Pit
 25690 | Snake:4  | Reached XP level 17. HP: 150/163 MP: 17/24
 25852 | Snake:4  | Reached skill level 14 in Unarmed Combat
 26213 | Snake:4  | Reached skill level 15 in Unarmed Combat
 26515 | Snake:4  | Got a serpentine rune of Zot
 26738 | Shoals:1 | Entered Level 1 of the Shoals
 26845 | Shoals:1 | Reached skill level 16 in Unarmed Combat
 27137 | Shoals:1 | Reached skill level 10 in Shields
 28806 | Shoals:3 | Reached skill level 17 in Unarmed Combat
 28806 | Shoals:3 | Reached XP level 18. HP: 171/171 MP: 20/25
 29604 | Shoals:4 | Entered Level 4 of the Shoals
 29805 | Shoals:4 | Noticed Louise
 29844 | Shoals:4 | Killed Louise
 30200 | Shoals:4 | Identified the staff of Crystal {rC+ rN+ Dex+4 Stlth+ Ice}
 30452 | Shoals:4 | Found a glowing silver altar of Zin.
 30467 | Shoals:4 | Got Ubyckon's Thoughts on Relocation
 30763 | Shoals:4 | Found a white marble altar of Elyvilon.
 30839 | Shoals:4 | Found a glowing golden altar of the Shining One.
 31043 | Shoals:4 | Got a barnacled rune of Zot
 31782 | Snake:1  | Bought the amulet "Xehatud" {RegenMP rElec rF+} for 867
                  | gold pieces
 32063 | Depths:1 | Reached skill level 18 in Unarmed Combat
 32068 | Depths:1 | Noticed Saint Roka
 32122 | D:15     | Killed Saint Roka
 32412 | Depths:1 | Found a gateway to Hell.
 32419 | Depths:1 | Found a one-way gate to the infinite horrors of the Abyss.
 32468 | Depths:1 | Noticed Sojobo
 32469 | Depths:1 | Reached XP level 19. HP: 179/179 MP: 26/26
 32497 | Depths:1 | Reached skill level 10 in Dodging
 32519 | Depths:1 | Paralysed by an air elemental for 1 turns
 32536 | Depths:1 | Paralysed by an air elemental for 1 turns
 32539 | Depths:1 | Paralysed by an air elemental for 1 turns
 32550 | Depths:1 | Killed Sojobo
 32787 | Depths:1 | Found a hide-covered altar of Uskayaw.
 32809 | Depths:1 | Identified 2 scrolls of acquirement
 32810 | Depths:1 | Acquired the scarf of the Wicked Wumpus {shadows, Fly Will+
                  | Int+4 Stlth-}
 32811 | Depths:1 | Acquired the +13 tower shield "Nafeadu" {Int+5}
 33322 | Depths:2 | Reached skill level 10 in Fighting
 33348 | Depths:2 | Found Xeal's Antique Armour Boutique.
 33578 | Depths:2 | Found the +10 morningstar "Eos" {elec, Halo rElec}
 33861 | Depths:2 | Found a one-way gate leading to the halls of Pandemonium.
 34723 | Depths:3 | Found a glowing golden altar of the Shining One.
 34976 | Depths:3 | You are sucked into a shaft and drop 1 floor!
 34976 | Depths:4 | Entered Level 4 of the Depths
 34981 | Depths:4 | Noticed a caustic shrike
 34982 | Depths:4 | Noticed a caustic shrike
 34983 | Depths:4 | Noticed a caustic shrike
 35032 | Depths:3 | Noticed a golden dragon
 35043 | Depths:3 | Killed a golden dragon
 35246 | Depths:3 | Reached XP level 20. HP: 193/193 MP: 27/27
 35374 | Depths:3 | Identified the staff "Tion Wes" {rElec rPois Poison}
 35956 | Snake:3  | Bought the Monograph on Forceful Dislocation for 528 gold
                  | pieces
 36015 | Snake:1  | Bought a scroll of blinking for 270 gold pieces
 36020 | Snake:1  | Learned a level 4 spell: Passage of Golubria
 36309 | Depths:4 | Found a one-way gateway to a ziggurat.
 36334 | Depths:4 | Noticed a golden dragon
 36342 | Depths:4 | Killed a golden dragon
 36343 | Depths:4 | Reached skill level 19 in Unarmed Combat
 36370 | Depths:4 | Killed a caustic shrike
 36376 | Depths:4 | Killed a caustic shrike
 36381 | Depths:4 | Killed a caustic shrike
 36526 | Depths:4 | Noticed a golden dragon
 36532 | Depths:4 | Killed a golden dragon
 36873 | Depths:4 | Found a basalt altar of Yredelemnul.
 37089 | Depths:4 | Noticed a bone dragon
 37095 | Depths:4 | Killed a bone dragon
 37112 | Depths:4 | Noticed a caustic shrike
 37115 | Depths:4 | Noticed a caustic shrike
 37118 | Depths:4 | Killed a caustic shrike
 37121 | Depths:4 | Killed a caustic shrike
 37121 | Depths:4 | Noticed a caustic shrike
 37126 | Depths:4 | Killed a caustic shrike
 37367 | Depths:4 | Noticed a bone dragon
 37429 | Depths:4 | Killed a bone dragon
 37471 | Depths:4 | Found a gate to the Realm of Zot.
 37528 | Depths:4 | Noticed Jory
 37536 | Depths:4 | Killed Jory
 37828 | Vaults:1 | Entered Level 1 of the Vaults
 38295 | Vaults:1 | Found Gaarr's Assorted Antiques.
 38445 | Vaults:1 | Reached XP level 21. HP: 204/204 MP: 28/28
 38659 | Vaults:1 | Learned a level 4 spell: Manifold Assault
 39614 | Vaults:2 | Found a staircase to the Crypt.
 40003 | Vaults:2 | Reached skill level 20 in Unarmed Combat
 40210 | Vaults:2 | Found a runed translucent door.
 40210 | Vaults:2 | Noticed Wiath's ghost (adept DrBr)
 40542 | Vaults:2 | Killed Wiath's ghost
 40647 | Vaults:3 | Got Gitemop's Grimoire of Befouled Clouds
 40743 | Vaults:3 | Reached skill level 10 in Translocations
 40918 | Vaults:3 | Noticed Margery
 40928 | Vaults:3 | Killed Margery
 41018 | Vaults:3 | Found a large runed translucent door.
 41018 | Vaults:3 | Found a large runed translucent door.
 41019 | Vaults:3 | Found a large runed translucent door.
 41019 | Vaults:3 | Found a large runed translucent door.
 41020 | Vaults:3 | Noticed Plog's ghost (adept AtMo)
 41020 | Vaults:3 | Found a large runed translucent door.
 41020 | Vaults:3 | Found a large runed translucent door.
 41021 | Vaults:3 | Found a large runed translucent door.
 41021 | Vaults:3 | Found a large runed translucent door.
 41117 | Vaults:3 | Reached XP level 22. HP: 217/217 MP: 29/29
 41147 | Vaults:3 | Reached skill level 15 in Shields
 42575 | Vaults:4 | Noticed Donald
 42599 | Vaults:4 | Killed Donald
 42647 | Vaults:4 | Acquired the +1 robe of Vines {NoPotionHeal Regen++++}
 42647 | Vaults:4 | Found the +1 robe of Vines {NoPotionHeal Regen++++}
 43200 | Vaults:5 | Entered Level 5 of the Vaults
 43504 | Vaults:5 | Noticed an ancient lich
 43584 | Vaults:4 | Killed an ancient lich
 43672 | Vaults:5 | Identified the ring of Jewn {MP+9 Str+4 Int-4 SInv}
 43744 | Vaults:4 | Reached XP level 23. HP: 227/227 MP: 30/30
 44060 | Vaults:5 | Identified the +5 orcbow of Wuapupn {drain, rPois}
 44750 | Elf:1    | Entered Level 1 of the Elven Halls
 44862 | Elf:1    | Got the Treatise on Bolts
 44885 | Elf:1    | Noticed Roxanne
 44959 | Elf:1    | Paralysed by an air elemental for 1 turns
 45026 | Elf:1    | Reached skill level 21 in Unarmed Combat
 45394 | Elf:3    | Entered Level 3 of the Elven Halls
 46287 | Elf:3    | Identified the +1 robe of Lilacs {rF++}
 46292 | Elf:3    | Identified the ring of Red Wine {rF- rC+ Str+6 Int+2}
 46490 | Elf:3    | Identified the +6 plate armour of Wariness {rPois}
 46504 | Elf:3    | Got the Annotations on Wounds
 46507 | Elf:3    | Identified the +9 storm dragon scales "Xuotoch" {+Inv
                  | rElec}
 46514 | Elf:3    | Identified the staff "Munif" {rElec Str-2 Int+4 Air}
 46519 | Elf:3    | Identified the staff of Plague {rC+ Earth}
 46521 | Elf:3    | Identified the +2 shortbow of Lojoaniu {flame, rC+}
 46733 | Elf:3    | Found an ancient bone altar of Kikubaaqudgha.
 46906 | Elf:2    | Found a runed translucent gate.
 46906 | Elf:2    | Found a runed translucent gate.
 46906 | Elf:2    | Found a runed translucent gate.
 46907 | Elf:2    | Noticed Aizul
 46917 | Elf:2    | Killed Aizul
 46948 | Elf:2    | Paralysed by an air elemental for 1 turns
 46985 | Elf:2    | Found Bejal's Book Boutique.
 47866 | Crypt:1  | Entered Level 1 of the Crypt
 47969 | Crypt:1  | Identified the ring of Panentheism {Ice Str+5}
 47969 | Crypt:1  | Noticed Josephina
 48056 | Crypt:1  | Killed Josephina
 48223 | Crypt:1  | Reached XP level 24. HP: 227/227 MP: 30/30
 48436 | Crypt:1  | Paralysed by something for 5 turns
 49350 | Crypt:3  | Entered Level 3 of the Crypt
 49350 | Crypt:3  | Noticed an ancient lich
 49736 | Crypt:2  | Killed an ancient lich
 50155 | Crypt:3  | Found a staircase to the Tomb.
 50350 | Crypt:3  | Reached skill level 22 in Unarmed Combat
 50412 | Crypt:3  | Found an ancient bone altar of Kikubaaqudgha.
 50533 | Crypt:3  | Reached skill level 15 in Dodging
 50640 | Crypt:3  | Found the +7 great mace "Undeadhunter" {deathbane, rN+}
 50671 | Crypt:3  | Paralysed by something for 2 turns
 50813 | Crypt:3  | Identified the +6 lajatang of Wrongful Imprisonment {heavy,
                  | Fragile rC++ Will- Str+2}
 50824 | Crypt:3  | Paralysed by a vampire knight for 4 turns
 50869 | Crypt:3  | Identified the ring "Rilaug" {rN+ Int+3}
 50869 | Crypt:3  | Identified the amulet "Tamis" {Harm rF+ Regen+ SInv Stlth+}
 50869 | Crypt:3  | Identified the ring of Zegawepp {rF+ rC- rN+ Str+7 SInv}
 50886 | Crypt:3  | Identified the staff of Tumult {Dex+6 Conj}
 51217 | Vaults:5 | Reached skill level 15 in Fighting
 51282 | Vaults:5 | Reached XP level 25. HP: 252/252 MP: 30/30
 51354 | Vaults:5 | Identified the +3 long sword of Destruction {drain, Str+3
                  | Int+3 Dex+4}
 51359 | Vaults:5 | Identified the ring "Ucanyag" {*Corrode MP+9 Slay+3 SInv}
 51471 | Vaults:5 | Identified the +7 hand axe "Fias" {vamp, *Rage rElec rCorr}
 51511 | Vaults:5 | Identified the +3 whip "Taoss" {flame, rElec rPois Will-}
 51638 | Vaults:5 | Got a silver rune of Zot
 51718 | Vaults:5 | Got the Disquisition on Concussion
 52017 | Vaults:5 | Identified the ring "Vuhemn" {Int+6 Dex+3}
 52482 | Zot:1    | Entered Level 1 of the Realm of Zot
 53476 | Zot:1    | Identified the +1 ring mail "Feamieg" {rElec Int+5}
 54123 | Zot:2    | Found a transporter.
 54339 | Zot:2    | Found a transporter.
 55197 | Zot:3    | Reached skill level 23 in Unarmed Combat
 56333 | Snake:1  | Bought a storm talisman for 1932 gold pieces
 57067 | Zot:4    | Reached XP level 26. HP: 265/265 MP: 30/30
 57098 | Zot:4    | Found the ring of the Hare {EV+10}
 57605 | Zot:5    | Entered Level 5 of the Realm of Zot
 57863 | Zot:5    | Identified the ring "Hiez" {rN+ rCorr MP-9 Int+3 Slay+2}
 58284 | Zot:5    | Noticed an orb of fire
 58290 | Zot:5    | Gained mutation: Your body sometimes deteriorates upon
                  | taking damage. [an orb of fire]
 58294 | Zot:5    | Gained mutation: Your magical capacity is low. (-10% MP)
                  | [an orb of fire]
 58298 | Zot:5    | Killed an orb of fire
 58360 | Zot:5    | Noticed a dread lich
 58362 | Zot:5    | Killed a dread lich
 58573 | Zot:5    | Noticed a dread lich
 58638 | Zot:5    | Noticed an ancient lich
 58640 | Zot:5    | Noticed a dread lich
 58644 | Zot:5    | Killed a dread lich
 58650 | Zot:5    | Killed an ancient lich
 58654 | Zot:5    | Killed a dread lich
 59007 | Zot:5    | Noticed an orb of fire
 59016 | Zot:5    | Killed an orb of fire
 59024 | Zot:5    | Noticed an orb of fire
 59031 | Zot:5    | Killed an orb of fire
 59790 | Zot:5    | Got the Orb of Zot
 59829 | Zot:5    | Noticed Ycwu the pandemonium lord
 59878 | Zot:4    | Noticed Daopsaec the pandemonium lord
 60227 | D:8      | Noticed Hahu the pandemonium lord
 60423 | D:$      | Escaped with the Orb!

Illustrated notes

Levels and vault maps discovered:
D:1:      matt_arrival_grand_opening, layout_rooms
D:2:      layout_rooms, shapermc_ecumenical_altar_mp_highgroup, serial_glass,
          glass_columns_b, glass_columns_b, due_unseen_surprise,
          minmay_strange_pillars, feat_on_display, chequers_avenue,
          uniq_crazy_yiuf_cottage, uniq_natasha
D:3:      layout_rooms, mainiacjoe_overflow_paths, serial_shops,
          nicolae_shop_waterfront, serial_rivers,
          chequers_serial_rivers_small_b, chequers_serial_rivers_micro_b,
          chequers_serial_rivers_small_b, chequers_serial_rivers_large_a,
          chequers_serial_rivers_room_b, chequers_serial_rivers_marsh,
          serial_park_tiny_pond, uniq_grinder
D:4:      layout_loops_ring, lemuel_doored_altar, biasface_ghost_orc_armoury,
          serial_co_window_serial, co_window_paths_a, co_window_corner_a,
          co_window_corner_a, co_window_corner_a, co_window_corner_a,
          co_window_broadway_a, co_window_2corner, co_window_corner_b,
          co_window_broadway_a, glass_columns_b, glass_columns_c,
          glass_columns_b, uniq_duvessa
D:5:      layout_basic, lemuel_round_altar, minmay_temple_entry_drinking_statues
D:6:      layout_loops_ring, nicolae_ru_awakened_eye, nicolae_letterblocks
          [nicolae_letter_subblock, nicolae_letter_subblock,
          nicolae_letter_subblock, nicolae_letter_subblock,
          nicolae_letter_subblock, nicolae_letter_subblock,
          nicolae_letter_subblock, nicolae_letter_subblock,
          nicolae_letter_subblock, nicolae_letter_subblock,
          nicolae_letter_subblock, nicolae_letter_subblock,
          nicolae_letter_subblock, nicolae_letter_subblock,
          nicolae_letter_subblock, nicolae_letter_subblock,
          nicolae_letter_subblock, nicolae_letter_subblock,
          nicolae_letter_subblock, nicolae_letter_subblock,
          nicolae_letter_subblock, nicolae_letter_subblock,
          nicolae_letter_subblock, nicolae_letter_subblock,
          nicolae_letter_subblock]
D:7:      nzn_winding_woodlands_three_and_one
          [nzn_winding_woodlands_5x15_parted,
          nzn_winding_woodlands_5x15_concentric,
          nzn_winding_woodlands_5x15_sawtooth,
          nzn_winding_woodlands_center_lodge], layout_cave_pools,
          kennysheep_mini, serial_rivers, chequers_serial_rivers_room_a,
          chequers_serial_rivers_large_b, chequers_serial_rivers_micro_a,
          chequers_serial_rivers_small_3, enter_bailey_4, uniq_joseph
D:8:      layout_loops_ring, minmay_overflow_temple_star_hex, special_room
          [special_room_orc], uniq_gastronok
D:9:      layout_loops_ring, gammafunk_ghost_hive,
          hangedman_abyss_or_decor_stabs
D:10:     layout_rooms, lair_entry_dummy, kennysheep_generic_room_10
D:11:     layout_gridville, erik_orc_3, serial_shops, nicolae_shop_crystal
D:12:     layout_big_octagon, serial_shops, shop
D:13:     layout_cave_pods, serial_glass, glass_columns_b, glass_columns_a,
          glass_columns_a, glass_columns_b, glass_columns_a, glass_columns_a
D:14:     layout_roguey [special_room_orc], grunt_vaults_entry_fortified
D:15:     grunt_enter_depths_snipers, layout_loops_ring, minmay_misc_feat_rows
Temple:   nicolae_temple_slightly_damp_pantheon
Lair:1:   layout_layer_cave, infiniplex_staircase_pool_2, lemuel_fruit_tree,
          lemuel_fruit_fields, serial_bayou_shore_a
Lair:2:   layout_chaotic_city
Lair:3:   layout_cave_pods, shoals_dummy_entry, nicolae_snake_entry_squirm,
          grunt_megastairs_3
Lair:4:   layout_regular_city, slime_entry_1, grunt_megastairs_4,
          lemuel_fruit_fields
Lair:5:   due_jungle_book, layout_loops_ring, chequers_serial_rivers_small_b
Shoals:1: layout_shoals, nicolae_shoals_wave_tunnel
Shoals:2: layout_shoals, st_shoals_ruin
Shoals:3: nzn_motion_control, layout_shoals
Shoals:4: shoals_end_hellmonk_holy_island, serial_shops, uniq_louise
Snake:1:  layout_chambers, serial_shops, nicolae_shop_tiny_waterfront,
          nicolae_shop_hallway_plus, shop, nicolae_shop_behind_doors,
          ebering_ghost_reflecting_pool, nicolae_snake_lava_pool,
          minmay_shop_grove, uniq_agnes
Snake:2:  cheibrodos_toxic_ritual, layout_layer_cave, serial_shops,
          nicolae_shop_crystal, st_stairs_10
Snake:3:  layout_onion, hellmonk_ghost_happy_afterlife,
          portal_ice_cave_entry_pillars_three,
          nicolae_shop_sticking_my_neck_out, minmay_shoptagon, uniq_vashnia
Snake:4:  snake_pit_salamanders_mu, layout_onion_interference,
          nicolae_shop_firing_range
Orc:1:    hellmonk_paralyzer, layout_diamond_mine, serial_shops,
          nicolae_shop_real_fake_doors, elves_outpost_lemuel
Orc:2:    grunt_orc_community_town_hall, layout_caves,
          grunt_orc_community_big_house_2, grunt_orc_community_big_house_2,
          grunt_orc_community_house_3, grunt_orc_community_house_2,
          grunt_orc_community_house_2, grunt_orc_community_house_2,
          grunt_orc_community_house_1
Elf:1:    minmay_elf_arrival_circle, layout_geoelf_diagonals,
          minmay_elf_annihilation, uniq_roxanne
Elf:2:    elven_hall_of_blades_hangedman_original
          [nicolae_blade_entry_antechamber], layout_geoelf_grid, serial_shops,
          shop, uniq_aizul
Elf:3:    minmay_elf_hall_dome, layout_gridlike, david_defended_altar_elf
Vaults:1: nicolae_vaults_more_shelving_2, v_misc_29, ontoclasm_vaults_hangar,
          v_misc_26, hangedman_vaults_restitches, v_alt_pattern_3,
          vaults_room_grunt_arrival_ludios, nicolae_vaults_mitosis,
          nicolae_vaults_gold_heap, layout_vaults_quadrants, serial_shops, shop
Vaults:2: ebering_ghost_inner_flame, v_misc_15, nicolae_vaults_what_the_h,
          vaults_room_fours, minmay_crypt_entry_simple_plaza,
          hangedman_vaults_slice, nicolae_vaults_offset_grid_hallway_3,
          grunt_vaults_hallway_short, nicolae_vaults_tangram_1,
          nicolae_vaults_doubleplus_tesselated, vaults_room_large_hall,
          nicolae_vaults_trapezoid_lopsided_3, hangedman_vaults_nodes,
          v_alt_pattern_2, nicolae_vaults_diamond_2,
          nicolae_vaults_enemy_cabinets, layout_vaults_omnibox
Vaults:3: advil_vaults_ghost_lines, nicolae_vaults_swerve,
          nicolae_vaults_apartment_1, v_misc_18, dpeg_vaults_monster_row,
          v_misc_24, vaults_mumra_hex, vaults_dpeg_encased_lava,
          nicolae_vaults_storage_closets_2, nicolae_vaults_trapezoid_lopsided_3,
          layout_vaults_big_room, uniq_margery
Vaults:4: vaults_mumra_minichess, v_misc_1, v_misc_28, v_pattern_4, v_misc_18,
          nicolae_vaults_trapezoid_lopsided_2, nicolae_vaults_bisected_exclaves,
          v_misc_19, ontoclasm_vaults_misaligned,
          nicolae_vaults_little_squares_3, ontoclasm_vaults_pinch,
          layout_vaults_ring, uniq_donald
Vaults:5
Crypt:1:  layout_misc_corridors, grunt_crypt_arrival_webbed, uniq_josephina
Crypt:2:  layout_misc_corridors, minivault_27
Crypt:3:  church_of_pain_bobbens, layout_chaotic_city,
          tomb_entry_simple_bobbens, moated_statue
Depths:1: layout_gridville, hangedman_abyss_or_decor_stagger,
          nicolae_abyss_entry_one_way_or_another, hell_entry, abandoned_shop,
          nicolae_uskayaw_dance_hall, uniq_sojobo, uniq_saint_roka
Depths:2: hellmonk_crumbling_castle, layout_small_grid, nrook_mini_backslash,
          minmay_room_of_horrors, serial_shops, nicolae_shop_trees, hell_entry,
          pan_entry
Depths:3: minmay_containers, layout_gridville, rand_demon_pan_entry_8,
          abyss_entry, hell_entry, nicolae_tso_carved_into_rock,
          kennysheep_two_boxes
Depths:4: grunt_twist_and_shout, layout_gridlike, enter_ziggurat_e,
          minmay_strange_pillars, grunt_mini_vestibule,
          nicolae_yredelemnul_corpse_copse, uniq_jory
Zot:1:    layout_basic, lemuel_baited_zot_trap, grunt_ministairs_6,
          grunt_megastairs_1
Zot:2:    gammafunk_its_a_trap, layout_misc_corridors, lemuel_elevator
Zot:3:    kennysheep_bubbly, layout_cathedral_of_symmetry
Zot:4:    layout_twisted_circle, hangedman_swamp_dais
Zot:5:    layout_cathedral_of_symmetry, bh_zot_levy_curve,
          hangedman_zot_decor_tridents

Skill      XL: |  1  2  3  4  5  6  7  8  9 10 11 12 13 14 15 16 17 18 19 20 21 22 23 24 25 26 |
---------------+-------------------------------------------------------------------------------+-----
Fighting       | 3 4 5 6 7 8 9 10 11 12 13 14 15 17 | 17.8
Dodging        | 3 5 7 9 11 12 13 14 15 16 17 | 17.9
Unarmed Combat | 4 5 6 7 8 9 10 11 12 13 17 18 19 20 21 22 23 | 23.0
Shapeshifting  | 3 5 7 11 12 14 15 16 17 18 19 20 21 | 21.0
Shields        | 3 5 7 8 9 10 12 13 14 15 16 17 18 | 18.4
Translocations | 3 6 8 10 11 | 11.2
Invocations    | 9 10 11 | 11.6

Action                     |  1- 3 |  4- 6 |  7- 9 | 10-12 | 13-15 | 16-18 | 19-21 | 22-24 | 25-27 || total
---------------------------+-------+-------+-------+-------+-------+-------+-------+-------+-------++-------
  Melee: Unarmed           |    69 |    43 |   354 |   478 |  1027 |  1166 |  1238 |  1606 |   903 ||  6884
         Punch             |       |       |    21 |       |       |       |       |       |     7 ||    28
         Constrict         |       |       |       |    47 |       |       |       |       |       ||    47
  Throw: Boomerang         |       |       |       |     2 |       |       |       |       |       ||     2
   Cast: Blink             |       |       |       |       |     3 |       |     2 |     3 |     1 ||     9
         Manifold Assault  |       |       |       |       |       |       |     1 |     6 |     6 ||    13
         Passage of Golubr |       |       |       |       |       |       |     1 |     2 |     2 ||     5
 Invoke: Shadow Form       |       |       |       |       |       |     2 |     3 |     2 |     1 ||     8
Ability: End Transformatio |       |       |       |       |       |     1 |     2 |     2 |       ||     5
         Blinkbolt         |       |       |       |       |       |       |       |       |     3 ||     3
  Evoke: Wand              |       |       |     8 |       |     2 |     1 |     5 |       |       ||    16
    Use: Scroll            |     3 |     2 |     3 |     4 |    17 |    12 |     7 |     7 |     9 ||    64
         Potion            |       |       |       |     1 |     2 |     4 |     1 |       |     5 ||    13
   Stab: Sleeping          |       |       |     3 |     2 |    12 |     9 |       |       |       ||    26
         Distracted        |       |       |       |     2 |     1 |     2 |       |     1 |     1 ||     7
         Invisible         |       |       |       |       |       |     1 |     6 |       |       ||     7
         Confused          |       |       |       |       |       |       |       |       |     1 ||     1
 Armour: Robe              |    25 |     4 |    48 |       |       |       |     3 |       |       ||    80
         Steam dragon scal |       |       |    23 |    24 |       |     1 |       |       |       ||    48
         Skin              |       |       |       |   116 |   999 |   787 |   640 |   602 |   411 ||  3555
  Dodge: Dodged            |    26 |    16 |   214 |   207 |   853 |   734 |   644 |   725 |   611 ||  4030
  Block: Kite shield       |       |       |     2 |   114 |   998 |   423 |       |       |       ||  1537
         Tower shield      |       |       |       |       |       |  1301 |  1968 |  2346 |  1452 ||  7067
   Form: Anaconda          |       |       |       |     1 |       |       |       |       |       ||     1
         Statue            |       |       |       |     1 |       |       |     1 |     1 |     1 ||     4
                           |       |       |       |       |       |       |     1 |     1 |       ||     2
         Storm             |       |       |       |       |       |       |       |       |     2 ||     2

Table legend: (Time is in decaauts)
 A = Elapsed time spent in this place.
 B = Non-inter-level travel time spent in this place.
 C = Inter-level travel time spent in this place.
 D = Time resting spent in this place.
 E = Time spent auto-exploring this place.
 F = Levels seen in this place.
 G = Mean time per level.
                   A        B        C        D        E       F      G
               +--------+--------+--------+--------+--------+-----+--------+
         Total |  82954 |  71226 |  11728 |   5486 |  39978 |  53 | 1565.2 |
       Dungeon |  19758 |  15092 |   4666 |    668 |   7972 |  15 | 1317.2 |
        Temple |     91 |     82 |      9 |      0 |      0 |   1 |   91.0 |
          Lair |   8016 |   5894 |   2122 |    244 |   3844 |   5 | 1603.2 |
        Shoals |   6852 |   6301 |    551 |    628 |   3495 |   4 | 1713.0 |
     Snake Pit |   7423 |   6491 |    932 |    481 |   3743 |   4 | 1855.8 |
  Orcish Mines |   2450 |   2186 |    264 |     84 |   1161 |   2 | 1225.0 |
   Elven Halls |   4187 |   3968 |    219 |    211 |   2364 |   3 | 1395.7 |
        Vaults |  11337 |  10612 |    725 |    948 |   6444 |   5 | 2267.4 |
         Crypt |   4517 |   4231 |    286 |    249 |   2696 |   3 | 1505.7 |
        Depths |   7272 |   6262 |   1010 |    877 |   3388 |   4 | 1818.0 |
           Zot |   9636 |   8697 |    939 |    879 |   4430 |   5 | 1927.2 |
        Bailey |    329 |    329 |      0 |      0 |      0 |   1 |  329.0 |
      Ice Cave |   1079 |   1079 |      0 |    212 |    438 |   1 | 1079.0 |
               +--------+--------+--------+--------+--------+-----+--------+

Top non-repeatable levels by time:
Vaults:4: 3194 daAuts
   Zot:5: 2640 daAuts
 Snake:1: 2623 daAuts
   Zot:3: 2440 daAuts
Vaults:2: 2434 daAuts
Depths:4: 2366 daAuts
Shoals:3: 2216 daAuts
    D:15: 2172 daAuts
 Snake:2: 2150 daAuts
Vaults:1: 2125 daAuts
   Zot:1: 2123 daAuts
  Lair:1: 2090 daAuts
  Lair:3: 2043 daAuts
 Crypt:3: 1992 daAuts
  Lair:2: 1966 daAuts
